 Dungeon Crawl Stone Soup version 0.26-a0-695-g987792ac36 (webtiles) character file.

Game seed: 4414013429182533738

336 ringo67 the Chiller (level 6, -11/51 HPs)
             Began as a Ghoul Ice Elementalist on Oct 25, 2020.
             Mangled by Menkaure (13 damage)
             ... on level 4 of the Dungeon.
             The game lasted 00:08:45 (3763 turns).

ringo67 the Chiller (Ghoul Ice Elementalist)        Turns: 3763, Time: 00:08:45

Health: -11/51     AC:  4    Str: 12    XL:     6   Next: 54%
Magic:  2/9        EV: 12    Int: 12    God:
Gold:   170        SH:  0    Dex:  9    Spells: 7/11 levels left

rFire    . . .     SeeInvis .   a - +3 dagger (elec)
rCold    + . .     Faith    .   (no shield)
rNeg     + + +     Spirit   .   j - +0 robe
rPois    ∞         Reflect  .   s - +1 helmet
rElec    .         Harm     .   (no cloak)
rCorr    .         Rampage  .   (no gloves)
MR       .....                  (no boots)
Stlth    ++........             (no amulet)
HPRegen  0.00/turn              (no ring)
MPRegen  0.11/turn              (no ring)

@: frozen ramparts, very slightly contaminated
A: rotting body, claws 1, cold resistance 1, negative energy resistance 3,
inhibited regeneration, torment resistance, unbreathing
a: no special abilities


You were on level 4 of the Dungeon.
You visited 2 branches of the dungeon, and saw 5 of its levels.
You also visited: Sewer.

You collected 170 gold pieces.

Inventory:

Hand Weapons
 a - a +3 dagger of electrocution (weapon)
 b - a +0 hunting sling
 w - a +2 dagger of draining
Missiles
 c - 158 stones (quivered)
 r - 35 sling bullets
Armour
 j - a +0 robe (worn)
 k - a +0 buckler
 s - a +1 helmet (worn)
Wands
 m - a wand of enslavement (4)
Scrolls
 d - a scroll of fog
 e - a scroll of fear
 g - a scroll of identify
 o - a scroll of amnesia {unknown}
 p - a scroll of immolation {unknown}
 q - 2 scrolls of teleportation
Potions
 f - a potion of lignification {unknown}
 h - a potion of invisibility {unknown}
 t - a potion of brilliance {unknown}
 u - 2 potions of flight {unknown}
 v - 4 potions of curing {unknown}
 x - a potion of stabbing {unknown}
 z - 6 potions of heal wounds
 A - a potion of mutation {unknown}
 B - 2 potions of might {unknown}


   Skills:
 + Level 3.2 Fighting
 - Level 1.7 Dodging
 - Level 2.1 Stealth
 + Level 3.1 Spellcasting
 * Level 6.7 Ice Magic


You had 7 spell levels left.
You knew the following spells:

 Your Spells              Type           Power        Failure   Level
a - Freeze                Ice            ###.         1%          1
b - Frozen Ramparts       Ice            ###...       4%          3

Your spell library contained the following spells:

 Spells                   Type           Power        Failure   Level
 Ozocubu's Armour         Ice            ###.....     4%          3
 Hailstorm                Conj/Ice       #.......     52%         4
 Summon Ice Beast         Ice/Summ       #.......     52%         4
 Confusing Touch          Hex            #.......     58%         3
 Gell's Gravitas          Tloc           #.........   58%         3
 Metabolic Englaciation   Hex/Ice        #.........   86%         5
 Petrify                  Tmut/Erth      #.......     94%         4
 Yara's Violent Unravell  Hex/Tmut       #.........   100%        5


Dungeon Overview and Level Annotations

Branches:
Dungeon (4/15)             Temple (1/1) D:4           Sewer (visited)

Altars:
Ashenzari
Dithmenos
Elyvilon
Fedhas
Gozag
Hepliaklqana
Kikubaaqudgha
Ru
Trog
Xom

Annotations:
D:4 Menkaure


Innate Abilities, Weirdness & Mutations

Your body is rotting away.
You thrive by killing the living.
You are immune to poison.
You have sharp fingernails.
Your flesh is cold resistant. (rC+)
You are immune to negative energy. (rN+++)
You do not regenerate when monsters are visible.
You are immune to unholy pain and torment.
You can survive without breathing.


Message History

Menkaure gestures ominously.
Found a creamy pearl robe.
Casting: Frozen Ramparts (dangerous; 4% risk of failure)
Confirm with . or Enter, or press ? or * to list all spells.
You miscast Frozen Ramparts.
You are very lightly contaminated with residual magic.
Nothing appears to happen.
Menkaure barely misses you.
Casting: Frozen Ramparts (dangerous; 4% risk of failure)
Confirm with . or Enter, or press ? or * to list all spells.
The walls around you are covered in ice.
Menkaure resists.
The wall freezes Menkaure.
Menkaure hits you but does no damage.
The wall freezes the ogre.
The ogre hits you with a +0 giant club!
* * * LOW HITPOINT WARNING * * *
Menkaure completely resists.
The wall freezes Menkaure but do no damage.
The wall freezes the ogre.
Menkaure completely resists.
The wall freezes Menkaure but do no damage.
Menkaure hits you!
You die...

,,*** ****,,*,,,*,*
,,,,****,,,.,+,∩,*,*#
*,,**,*,,,*#.*,,,*,.#
,,,,,,,,,[**.#*+**,.#
,,*,,..**..#....,,..*
,,*,,,.###.....###.,*
,,,,,,,............**
,,.,,,,#......##.##*
,,....##........@.#
,,.........!..##MO#
,,.......#.....#..###
.........#.....#....###
........###........Z..#*
.................##....#
......#.....#...##,...##
.,#.###..>..###.......#
.##...#.....#.........#***


You could see an ogre, Menkaure (fast) and a water moccasin skeleton.

Vanquished Creatures
  2 big kobolds (Sewer)
  A worker ant (D:2)
  Robin (D:3)
  A gnoll (D:1)
  4 adders
  A river rat (D:3)
  An ooze (Sewer)
  A dart slug (D:1)
  3 leopard geckos
  9 bats
  6 giant cockroaches
  16 goblins
  9 hobgoblins
  7 jackals (D:1)
  6 ball pythons
  5 frilled lizards
  18 kobolds
  8 rats
99 creatures vanquished.

Vanquished Creatures (others)
  2 plants (Sewer)
2 creatures vanquished.

Grand Total: 101 creatures vanquished

Notes
Turn   | Place    | Note
-------+----------+-------------------------------------------
     0 | D:1      | ringo67 the Ghoul Ice Elementalist began the quest for the
                  | Orb.
     0 | D:1      | Reached XP level 1. HP: 14/14 MP: 2/2
   246 | D:1      | Reached XP level 2. HP: 22/22 MP: 1/3
   937 | D:2      | Reached skill level 1 in Fighting
  1117 | D:2      | Reached skill level 5 in Ice Magic
  1117 | D:2      | Reached XP level 3. HP: 26/28 MP: 0/5
  1123 | D:2      | Learned a level 3 spell: Frozen Ramparts
  1197 | D:2      | Found a shadowy altar of Dithmenos.
  1556 | D:2      | Reached XP level 4. HP: 36/36 MP: 4/6
  2762 | D:3      | Found a glowing drain.
  2777 | D:3      | Reached XP level 5. HP: 41/41 MP: 3/7
  2802 | D:3      | Noticed Robin
  2818 | D:3      | Killed Robin
  2855 | Sewer    | Entered a sewer
  2888 | Sewer    | Noticed a big kobold
  2898 | Sewer    | Killed a big kobold
  2898 | Sewer    | Reached skill level 6 in Ice Magic
  2898 | Sewer    | Reached XP level 6. HP: 50/50 MP: 4/9
  3607 | D:4      | Found a staircase to the Ecumenical Temple.
  3616 | Temple   | Entered the Ecumenical Temple
  3739 | D:4      | Noticed Menkaure
  3762 | D:4      | HP: 2/51 [ogre/+0 giant club (17)]
  3763 | D:4      | Mangled by Menkaure

Illustrated notes

Levels and vault maps discovered:
D:1:      zaba_arrival_water, layout_loops_cross
D:2:      layout_loops_ring, grunt_dithmenos_smoke, serial_forest,
          infiniplex_forest_lined_2, infiniplex_forest_lined_corner,
          infiniplex_forest_lined_2, infiniplex_forest_end_double,
          infiniplex_forest_straight_1, infiniplex_forest_end_3,
          infiniplex_forest_end_double
D:3:      layout_rooms, portal_sewer_entry_a, uniq_robin
D:4:      layout_cave_pools, grunt_qazlal_sundering, minmay_temple_entry_tees,
          enter_ossuary_2, uniq_menkaure, uniq_natasha
Temple:   nicolae_temple_figure_zero

Skill      XL: |  1  2  3  4  5  6 |
---------------+-------------------+-----
Spellcasting   | 2 3 |  3.1
Fighting       | 1 2 3 |  3.2
Ice Magic      | 5 6 |  6.7
Dodging        | |  1.7
Stealth        | |  2.1

Action                   |  1- 3 |  4- 6 || total
-------------------------+-------+-------++-------
Melee: Unarmed           |    42 |    18 ||    60
       Dagger            |       |    95 ||    95
 Cast: Freeze            |    17 |     8 ||    25
       Frozen Ramparts   |       |    16 ||    16
  Use: Scroll            |       |     7 ||     7
 Stab: Sleeping          |     2 |       ||     2
Armor: Robe              |    13 |    19 ||    32
Dodge: Dodged            |    35 |    80 ||   115

Table legend: (Time is in decaauts)
 A = Elapsed time spent in this place.
 B = Non-inter-level travel time spent in this place.
 C = Inter-level travel time spent in this place.
 D = Time resting spent in this place.
 E = Time spent auto-exploring this place.
 F = Levels seen in this place.
 G = Mean time per level.
                   A        B        C        D        E       F      G
               +--------+--------+--------+--------+--------+-----+--------+
         Total |   3794 |   3684 |    110 |    678 |   2129 |   6 |  632.3 |
       Dungeon |   3317 |   3216 |    101 |    678 |   1894 |   4 |  829.2 |
        Temple |    119 |    110 |      9 |      0 |    104 |   1 |  119.0 |
         Sewer |    357 |    357 |      0 |      0 |    131 |   1 |  357.0 |
               +--------+--------+--------+--------+--------+-----+--------+

Top non-repeatable levels by time:
     D:2: 1549 daAuts
     D:1: 1059 daAuts
     D:3: 658 daAuts
   Sewer: 357 daAuts
  Temple: 119 daAuts
     D:4: 49 daAuts
